BSA
HENDERSONVILLE HITMEN @ PLYMOUTH ROCKS
06/01/2024
 
TOP OF THE 1ST
Hendersonville Hitmen batting - Pitching for Plymouth Rocks : RHP John Smith
Pitching: RHP John Smith
Batting: RHB Carlos García 0-0: Called Strike
0-1: Ball
1-1: Called Strike
1-2: Ball
2-2: Foul Ball, location: 2F
2-2: Foul Ball, location: 2F
2-2: Foul Ball, location: 2F
2-2: Ball
3-2: Foul Ball, location: 2F
3-2: Strikes out swinging
Batting: SHB Tony López 0-0: Called Strike
0-1: Foul Ball, location: 2F
0-2: Ball
1-2: Ground out 1-3 (Groundball, 34S)
Batting: RHB Manolo Román 0-0: Ball
1-0: Ground out 5-3 (Groundball, 5)
Top of the 1st over - 0 run(s), 0 hit(s), 0 error(s), 0 left on base; Hendersonville 0 - Plymouth 0
BOTTOM OF THE 1ST
Plymouth Rocks batting - Pitching for Hendersonville Hitmen : RHP Rodrigo Aguilar
Pitching: RHP Rodrigo Aguilar
Batting: RHB António Zúñiga 0-0: Ball
1-0: Called Strike
1-1: Foul Ball, location: 2F
1-2: Ground out 4-3 (Groundball, 4)
Batting: LHB Robert Phillips 0-0: Ball
1-0: Ball
2-0: DOUBLE (Line Drive, 9LM)
Batting: RHB Frederico Hernández 0-0: Ground out 6-3 (Groundball, 6)
Batting: LHB Frank Geddes 0-0: Ball
1-0: Ball
2-0: Called Strike
2-1: Ground out 4-3 (Groundball, 4)
Bottom of the 1st over - 0 run(s), 1 hit(s), 0 error(s), 1 left on base; Hendersonville 0 - Plymouth 0
TOP OF THE 2ND
Hendersonville Hitmen batting - Pitching for Plymouth Rocks : RHP John Smith
Batting: LHB Lorenzo Villa 0-0: Ball
1-0: Called Strike
1-1: Ground out U3 (Groundball, 3S)
Batting: LHB Terry White 0-0: Ball
1-0: Called Strike
1-1: Ball
2-1: Ground out 4-3 (Groundball, 34)
Batting: SHB David Johnstone 0-0: Ball
1-0: Ground out 4-3 (Groundball, 4M)
Top of the 2nd over - 0 run(s), 0 hit(s), 0 error(s), 0 left on base; Hendersonville 0 - Plymouth 0
BOTTOM OF THE 2ND
Plymouth Rocks batting - Pitching for Hendersonville Hitmen : RHP Rodrigo Aguilar
Batting: RHB Armando González 0-0: Ball
1-0: Ball
2-0: Called Strike
2-1: DOUBLE (Flyball, 89D)
Batting: RHB Jack Ray 0-0: Ball
1-0: Foul Ball, location: 2F
1-1: Ball
2-1: SINGLE (Line Drive, 89S)
Armando González to third
Batting: RHB Alberto Ramos 0-0: Ball
1-0: Called Strike
1-1: Swinging Strike
1-2: SINGLE (Line Drive, 8LS)
Armando González scores
Jack Ray to second
Batting: LHB John Doby 0-0: Called Strike
0-1: Foul Ball, location: 2F
0-2: Ball
1-2: Foul Ball, location: 2F
1-2: Strikes out swinging
Batting: RHB Richard Coker 0-0: Fly out, F9 (Flyball, 9M)
Batting: RHB António Zúñiga 0-0: Called Strike
0-1: Called Strike
0-2: Foul Ball, location: 2F
0-2: Ball
1-2: Foul Ball, location: 2F
1-2: Ball
2-2: Foul Ball, location: 2F
2-2: Foul Ball, location: 2F
2-2: Ball
3-2: Foul Ball, location: 2F
3-2: Foul Ball, location: 2F
3-2: Ground out 3-1 (Groundball, 34)
Bottom of the 2nd over - 1 run(s), 3 hit(s), 0 error(s), 2 left on base; Hendersonville 0 - Plymouth 1
TOP OF THE 3RD
Hendersonville Hitmen batting - Pitching for Plymouth Rocks : RHP John Smith
Batting: LHB Jerry Johnston 0-0: Swinging Strike
0-1: Ball
1-1: Ball
2-1: Swinging Strike
2-2: Strikes out swinging
Batting: RHB Junior Vargas 0-0: Ball
1-0: Ground out 1-3 (Groundball, 15)
Batting: RHB Taylor McFarland 0-0: Swinging Strike
0-1: Ball
1-1: Ball
2-1: Ball
3-1: Foul Ball, location: 2F
3-2: Fly out, F4 (Popup, 4D)
Top of the 3rd over - 0 run(s), 0 hit(s), 0 error(s), 0 left on base; Hendersonville 0 - Plymouth 1
BOTTOM OF THE 3RD
Plymouth Rocks batting - Pitching for Hendersonville Hitmen : RHP Rodrigo Aguilar
Batting: LHB Robert Phillips 0-0: Ball
1-0: Called Strike
1-1: Ball
2-1: Fly out, F4 (Line Drive, 4)
Batting: RHB Frederico Hernández 0-0: Ball
1-0: Foul Ball, location: 2F
1-1: Fly out, F4 (Popup, 6MD)
Batting: LHB Frank Geddes 0-0: Ball
1-0: Ball
2-0: Ground out 4-3 (Groundball, 4)
Bottom of the 3rd over - 0 run(s), 0 hit(s), 0 error(s), 0 left on base; Hendersonville 0 - Plymouth 1
TOP OF THE 4TH
Hendersonville Hitmen batting - Pitching for Plymouth Rocks : RHP John Smith
Batting: RHB Carlos García 0-0: Fly out, F8 (Flyball, 8RXD)
Batting: SHB Tony López 0-0: Called Strike
0-1: Ground out 3-1 (Groundball, 34)
Batting: RHB Manolo Román 0-0: Ball
1-0: Called Strike
1-1: SINGLE (Flyball, 8LS)
Batting: LHB Lorenzo Villa 0-0: Called Strike
0-1: Foul Ball, location: 2F
0-2: Ball
1-2: Fly out, F9 (Flyball, 89M)
Top of the 4th over - 0 run(s), 1 hit(s), 0 error(s), 1 left on base; Hendersonville 0 - Plymouth 1
BOTTOM OF THE 4TH
Plymouth Rocks batting - Pitching for Hendersonville Hitmen : RHP Rodrigo Aguilar
Batting: RHB Armando González 0-0: Swinging Strike
0-1: Ball
1-1: Swinging Strike
1-2: Ball
2-2: Ball
3-2: Foul Ball, location: 2F
3-2: Ground out 6-3 (Groundball, 6M)
Batting: RHB Jack Ray 0-0: Foul Ball, location: 2F
0-1: Foul Ball, location: 2F
0-2: Strikes out swinging
Batting: RHB Alberto Ramos 0-0: Called Strike
0-1: Ball
1-1: Fly out, F9 (Flyball, 9M)
Bottom of the 4th over - 0 run(s), 0 hit(s), 0 error(s), 0 left on base; Hendersonville 0 - Plymouth 1
TOP OF THE 5TH
Hendersonville Hitmen batting - Pitching for Plymouth Rocks : RHP John Smith
Batting: LHB Terry White 0-0: Called Strike
0-1: Ball
1-1: Swinging Strike
1-2: Ball
2-2: Strikes out swinging
Batting: SHB David Johnstone 0-0: Foul Ball, location: 2F
0-1: Fly out, F7 (Flyball, 7D)
Batting: LHB Jerry Johnston 0-0: Ball
1-0: Called Strike
1-1: Foul Ball, location: 2F
1-2: Ball
2-2: Foul Ball, location: 2F
2-2: Ball
3-2: Foul Ball, location: 2F
3-2: Ground out 4-3 (Groundball, 34)
Top of the 5th over - 0 run(s), 0 hit(s), 0 error(s), 0 left on base; Hendersonville 0 - Plymouth 1
BOTTOM OF THE 5TH
Plymouth Rocks batting - Pitching for Hendersonville Hitmen : RHP Rodrigo Aguilar
Batting: LHB John Doby 0-0: Ball
1-0: Swinging Strike
1-1: SINGLE (Groundball, 34)
Batting: RHB Richard Coker 0-0: Ball
John Doby steals 2nd base
1-0: SINGLE (Line Drive, 4MD)
John Doby to third
Batting: RHB António Zúñiga 0-0: Ball
1-0: Swinging Strike
1-1: Called Strike
1-2: Foul Ball, location: 2F
1-2: Foul Ball, location: 2F
1-2: Ball
2-2: Fly out, F8 (Flyball, 8RS)
Batting: LHB Robert Phillips 0-0: Ball
1-0: Grounds into double play, 1-6-3 (Groundball, 13)
Bottom of the 5th over - 0 run(s), 2 hit(s), 0 error(s), 1 left on base; Hendersonville 0 - Plymouth 1
TOP OF THE 6TH
Hendersonville Hitmen batting - Pitching for Plymouth Rocks : RHP John Smith
Batting: RHB Junior Vargas 0-0: Swinging Strike
0-1: Ball
1-1: SOLO HOME RUN (Line Drive, 7D), Distance : 395 ft
Batting: RHB Taylor McFarland 0-0: Called Strike
0-1: Foul Ball, location: 2F
0-2: Ground out 1-3 (Groundball, 23)
Batting: RHB Carlos García 0-0: Fly out, F9 (Flyball, 9M)
Batting: SHB Tony López 0-0: Swinging Strike
0-1: Swinging Strike
0-2: Ball
1-2: SINGLE (Flyball, 56D)
Batting: RHB Manolo Román 0-0: Ball
1-0: Ball
2-0: Ground out 5-3 (Groundball, 56)
Top of the 6th over - 1 run(s), 2 hit(s), 0 error(s), 1 left on base; Hendersonville 1 - Plymouth 1
BOTTOM OF THE 6TH
Plymouth Rocks batting - Pitching for Hendersonville Hitmen : RHP Rodrigo Aguilar
Batting: RHB Frederico Hernández 0-0: Foul Ball, location: 2F
0-1: Ball
1-1: Called Strike
1-2: Ball
2-2: Ball
3-2: Fly out, F6 (Popup, 56)
Batting: LHB Frank Geddes 0-0: Swinging Strike
0-1: Swinging Strike
0-2: Ball
1-2: Strikes out swinging
Batting: RHB Armando González 0-0: Foul Ball, location: 2F
0-1: Fly out, F7 (Flyball, 78M)
Bottom of the 6th over - 0 run(s), 0 hit(s), 0 error(s), 0 left on base; Hendersonville 1 - Plymouth 1
TOP OF THE 7TH
Hendersonville Hitmen batting - Pitching for Plymouth Rocks : RHP John Smith
Batting: LHB Lorenzo Villa 0-0: Called Strike
0-1: Foul Ball, location: 2F
0-2: Ball
1-2: Ground out 4-3 (Groundball, 4M)
Batting: LHB Terry White 0-0: Ball
1-0: Swinging Strike
1-1: Ball
2-1: Ball
3-1: Base on Balls
Pitching: RHP Erik Estes
Batting: SHB David Johnstone 0-0: SINGLE (Line Drive, 56D)
Terry White to second
Batting: LHB Jerry Johnston 0-0: Called Strike
0-1: Called Strike
0-2: Fly out, F8 (Flyball, 8LXD)
Runner from 2nd tags up, SAFE at 3rd, no throw
Pinch Hitting: LHB José Flores 0-0: Ball
1-0: Fly out, F7 (Line Drive, 7LM)
Top of the 7th over - 0 run(s), 1 hit(s), 0 error(s), 2 left on base; Hendersonville 1 - Plymouth 1
BOTTOM OF THE 7TH
Plymouth Rocks batting - Pitching for Hendersonville Hitmen : RHP Rodrigo Aguilar
Now at 2B: Robert Buckley
Batting: RHB Jack Ray 0-0: Foul Ball, location: 2F
0-1: Foul Ball, location: 2F
0-2: Foul Ball, location: 2F
0-2: Ground out 6-3 (Groundball, 6M)
Batting: RHB Alberto Ramos 0-0: Called Strike
0-1: Swinging Strike
0-2: Ground out 6-3 (Groundball, 56)
Batting: LHB John Doby 0-0: Ball
1-0: Ball
2-0: Ball
3-0: Base on Balls
Pitching: RHP Héctor Reyes
Batting: RHB Richard Coker 0-0: Ball
1-0: Swinging Strike
1-1: Swinging Strike
1-2: Strikes out swinging
Bottom of the 7th over - 0 run(s), 0 hit(s), 0 error(s), 1 left on base; Hendersonville 1 - Plymouth 1
TOP OF THE 8TH
Hendersonville Hitmen batting - Pitching for Plymouth Rocks : RHP Erik Estes
Batting: RHB Taylor McFarland 0-0: Called Strike
0-1: Ball
1-1: Swinging Strike
1-2: Strikes out looking
Batting: RHB Carlos García 0-0: Ball
1-0: Called Strike
1-1: Ball
2-1: Foul Ball, location: 2F
2-2: Strikes out looking
Batting: SHB Tony López 0-0: Ball
1-0: Called Strike
1-1: Ground out 4-3 (Groundball, 34)
Top of the 8th over - 0 run(s), 0 hit(s), 0 error(s), 0 left on base; Hendersonville 1 - Plymouth 1
BOTTOM OF THE 8TH
Plymouth Rocks batting - Pitching for Hendersonville Hitmen : RHP Héctor Reyes
Batting: RHB António Zúñiga 0-0: Ball
1-0: Ball
2-0: Ball
3-0: Base on Balls
Batting: LHB Robert Phillips 0-0: Bunted foul
0-1: Bunted foul
0-2: Ball
1-2: Foul Ball, location: 2F
1-2: Ball
2-2: Ball
3-2: DOUBLE (Line Drive, 78S)
António Zúñiga to third
Runner from 3rd tries for Home, SAFE, throw made home
Batting: RHB Frederico Hernández 0-0: Fly out, F7 (Flyball, 7M)
Batting: LHB Frank Geddes 0-0: Intentional Walk
Pinch Runner at 2nd Jorge Márquez:
Batting: RHB Armando González 0-0: Ground out 5-3 (Groundball, 5S)
Jorge Márquez to third
Frank Geddes to second
Batting: RHB Jack Ray 0-0: Foul Ball, location: 2F
0-1: Ball
1-1: Swinging Strike
1-2: Ball
2-2: Strikes out swinging
Bottom of the 8th over - 1 run(s), 1 hit(s), 0 error(s), 2 left on base; Hendersonville 1 - Plymouth 2
TOP OF THE 9TH
Hendersonville Hitmen batting - Pitching for Plymouth Rocks : RHP Erik Estes
Pitching: RHP Felipe Reyes
Now in LF: Alberto Hernández
Batting: RHB Manolo Román 0-0: Ball
1-0: Fly out, F6 (Line Drive, 56)
Batting: LHB Lorenzo Villa 0-0: Called Strike
0-1: SOLO HOME RUN (Line Drive, 9D), Distance : 399 ft
Batting: LHB Terry White 0-0: SOLO HOME RUN (Flyball, 9D), Distance : 378 ft
Batting: SHB David Johnstone 0-0: Called Strike
0-1: Ball
1-1: Ball
2-1: Called Strike
2-2: Ball
3-2: SOLO HOME RUN (Flyball, 7LD), Distance : 386 ft
Batting: LHB Jerry Johnston 0-0: Ball
1-0: Ball
2-0: Ball
3-0: Called Strike
3-1: Base on Balls
Batting: RHB Robert Buckley 0-0: Grounds into double play, 4-6-3 (Groundball, 34)
Top of the 9th over - 3 run(s), 3 hit(s), 0 error(s), 0 left on base; Hendersonville 4 - Plymouth 2
BOTTOM OF THE 9TH
Plymouth Rocks batting - Pitching for Hendersonville Hitmen : RHP Héctor Reyes
Pitching: RHP Edward Cadle
Batting: RHB Alberto Ramos 0-0: Ball
1-0: Foul Ball, location: 2F
1-1: Ball
2-1: Ball
3-1: Base on Balls
Batting: LHB John Doby 0-0: Ball
1-0: Swinging Strike
1-1: Ball
2-1: Ball
3-1: Base on Balls
Alberto Ramos to second
Batting: RHB Richard Coker 0-0: Called Strike
0-1: Foul Ball, location: 2F
0-2: Strikes out looking
Batting: RHB António Zúñiga 0-0: Swinging Strike
0-1: Ball
1-1: Ball
2-1: Swinging Strike
2-2: Ball
3-2: Fly out, F9 (Flyball, 89D)
Runner from 2nd tags up, SAFE at 3rd, no throw
Batting: RHB Alberto Hernández 0-0: Ball
1-0: Swinging Strike
1-1: Ground out 5-3 (Groundball, 5S)
Bottom of the 9th over - 0 run(s), 0 hit(s), 0 error(s), 2 left on base; Hendersonville 4 - Plymouth 2
This league is powered by Out of the Park Baseball, the baseball management simulation game for PC, Mac and Linux
Saturday, April 9th, 2016 - OOTP Baseball 16.8 Build 38